BR (22 & UNDER)
SAN FRANCISCO MACHO MEN @ ELKINS STING RAYS
09/06/2028
 
TOP OF THE 1ST
San Francisco Macho Men batting - Pitching for Elkins Sting Rays : LHP Mario Lugo
Pitching: LHP Mario Lugo
Batting: RHB Júlio Serra 0-0: Ball
1-0: Foul Ball, location: 2F
1-1: Called Strike
1-2: Reached on error, E6 (Groundball, 6)
Batting: RHB Miguel Ramos 0-0: Ball
1-0: Ball
2-0: Ball
3-0: Called Strike
3-1: Base on Balls
Júlio Serra to second
Batting: RHB Nelson Burton 0-0: Ball
1-0: Called Strike
1-1: Foul Ball, location: 2F
1-2: SINGLE (Line Drive, 8LS)
Júlio Serra to third
Miguel Ramos to second
Runner from 3rd tries for Home, SAFE, no throw
Batting: LHB Ernesto Hernández 0-0: Called Strike
0-1: Ball
1-1: Ball
2-1: Called Strike
2-2: Ball
3-2: Foul Ball, location: 2F
3-2: Base on Balls
Miguel Ramos to third
Nelson Burton to second
Batting: RHB Awragh Hazem 0-0: Ball
1-0: Called Strike
1-1: Ball
2-1: Swinging Strike
2-2: Ball
3-2: Fly out, F8 (Flyball, 8LM)
Runner from 3rd tags up, SCORES, no throw
Batting: LHB Ángel De Jesús 0-0: Ball
1-0: Fly out, F8 (Flyball, 8RM)
Batting: RHB Dave MacGruder 0-0: Foul Ball, location: 2F
0-1: Ball
1-1: Ball
2-1: Foul Ball, location: 2F
2-2: Ball
3-2: Ground out 4-3 (Groundball, 4)
Top of the 1st over - 2 run(s), 1 hit(s), 1 error(s), 2 left on base; San Francisco 2 - Elkins 0
BOTTOM OF THE 1ST
Elkins Sting Rays batting - Pitching for San Francisco Macho Men : RHP Roger Oliver
Pitching: RHP Roger Oliver
Batting: SHB Carlos González 0-0: Ball
1-0: Ball
2-0: Called Strike
2-1: Ground out 4-3 (Groundball, 4)
Batting: RHB Pedro Betancourt 0-0: Ball
1-0: Foul Ball, location: 2F
1-1: Ball
2-1: Fly out, F9 (Flyball, 89M)
Batting: RHB Ryan Nelson 0-0: Ball
1-0: Called Strike
1-1: Ball
2-1: Swinging Strike
2-2: Ball
3-2: Foul Ball, location: 2F
3-2: Strikes out swinging
Bottom of the 1st over - 0 run(s), 0 hit(s), 0 error(s), 0 left on base; San Francisco 2 - Elkins 0
TOP OF THE 2ND
San Francisco Macho Men batting - Pitching for Elkins Sting Rays : LHP Mario Lugo
Batting: RHB Bob Jones 0-0: Called Strike
0-1: Ball
1-1: Ball
2-1: Fly out, F4 (Flyball, 34D)
Batting: RHB Lawrence Pérez 0-0: Called Strike
0-1: Called Strike
0-2: SOLO HOME RUN (Flyball, 7D), Distance : 391 ft
Batting: RHB Júlio Serra 0-0: Ground out 6-3 (Groundball, 6)
Batting: RHB Miguel Ramos 0-0: Fly out, F7 (Flyball, 7)
Top of the 2nd over - 1 run(s), 1 hit(s), 0 error(s), 0 left on base; San Francisco 3 - Elkins 0
BOTTOM OF THE 2ND
Elkins Sting Rays batting - Pitching for San Francisco Macho Men : RHP Roger Oliver
Batting: RHB Bill Andrews 0-0: Called Strike
0-1: Ball
1-1: Fly out, F4 (Popup, 4D)
Batting: LHB Ángel Flores 0-0: Single, Error in OF, E8, batter to second base
Batting: SHB Ron Winston 0-0: Called Strike
0-1: Ball
1-1: Ball
2-1: Foul Ball, location: 2F
2-2: Foul Ball, location: 2F
2-2: Fly out, F7 (Flyball, 7S)
Batting: LHB Carlos Músquez 0-0: Ball
1-0: Ball
2-0: Ball
3-0: Called Strike
3-1: Swinging Strike
3-2: Strikes out looking
Bottom of the 2nd over - 0 run(s), 1 hit(s), 1 error(s), 1 left on base; San Francisco 3 - Elkins 0
TOP OF THE 3RD
San Francisco Macho Men batting - Pitching for Elkins Sting Rays : LHP Mario Lugo
Batting: RHB Nelson Burton 0-0: Foul Ball, location: 2F
0-1: Ball
1-1: Ball
2-1: Foul Ball, location: 2F
2-2: Foul Ball, location: 2F
2-2: Ball
3-2: Strikes out swinging
Batting: LHB Ernesto Hernández 0-0: Called Strike
0-1: Ball
1-1: Ball
2-1: Fly out, F7 (Flyball, 7S)
Batting: RHB Awragh Hazem 0-0: Fly out, F8 (Flyball, 89M)
Top of the 3rd over - 0 run(s), 0 hit(s), 0 error(s), 0 left on base; San Francisco 3 - Elkins 0
BOTTOM OF THE 3RD
Elkins Sting Rays batting - Pitching for San Francisco Macho Men : RHP Roger Oliver
Batting: SHB Rodolphe Dettori 0-0: Called Strike
0-1: Ball
1-1: Ball
2-1: Fly out, F9 (Flyball, 89M)
Batting: RHB Armando Blanco 0-0: Called Strike
0-1: SINGLE (Groundball, 4MD)
Batting: SHB Carlos González 0-0: Ground out 3-1 (Groundball, 3L)
Armando Blanco to second
Batting: RHB Pedro Betancourt 0-0: Ball
1-0: Swinging Strike
1-1: TRIPLE (Flyball, 8LD)
Armando Blanco scores
Batting: RHB Ryan Nelson 0-0: Called Strike
0-1: Ball
Passed Ball!
Pedro Betancourt scores
1-1: Ball
2-1: Foul Ball, location: 2F
2-2: Foul Ball, location: 2F
2-2: Foul Ball, location: 2F
2-2: Strikes out swinging
Bottom of the 3rd over - 2 run(s), 2 hit(s), 0 error(s), 0 left on base; San Francisco 3 - Elkins 2
TOP OF THE 4TH
San Francisco Macho Men batting - Pitching for Elkins Sting Rays : LHP Mario Lugo
Batting: LHB Ángel De Jesús 0-0: Called Strike
0-1: Foul Ball, location: 2F
0-2: Ball
1-2: Strikes out swinging
Batting: RHB Dave MacGruder 0-0: Called Strike
0-1: Ball
1-1: Ball
2-1: Ball
3-1: Base on Balls
Batting: RHB Bob Jones 0-0: Ball
Dave MacGruder is caught stealing 2nd base
1-0: Ground out 6-3 (Groundball, 6)
Top of the 4th over - 0 run(s), 0 hit(s), 0 error(s), 0 left on base; San Francisco 3 - Elkins 2
BOTTOM OF THE 4TH
Elkins Sting Rays batting - Pitching for San Francisco Macho Men : RHP Roger Oliver
Batting: RHB Bill Andrews 0-0: Ball
1-0: Ball
2-0: Called Strike
2-1: Ball
3-1: Base on Balls
Batting: LHB Ángel Flores 0-0: Ball
1-0: Swinging Strike
1-1: Foul Ball, location: 2F
1-2: Strikes out swinging
Batting: SHB Ron Winston 0-0: Ball
1-0: Fielders Choice at 2nd, 1-4 (Groundball, 15)
Batting: LHB Carlos Músquez 0-0: Ball
1-0: Ball
2-0: Foul Ball, location: 2F
2-1: Ground out 4-3 (Groundball, 4MS)
Bottom of the 4th over - 0 run(s), 0 hit(s), 0 error(s), 1 left on base; San Francisco 3 - Elkins 2
TOP OF THE 5TH
San Francisco Macho Men batting - Pitching for Elkins Sting Rays : LHP Mario Lugo
Batting: RHB Lawrence Pérez 0-0: Ball
1-0: Foul Ball, location: 2F
1-1: Swinging Strike
1-2: Ball
2-2: SINGLE (Groundball, 56D)
Batting: RHB Júlio Serra 0-0: Foul Ball, location: 2F
0-1: Fielders Choice at 2nd, 5-4 (Groundball, 56)
Batting: RHB Miguel Ramos 0-0: Ball
1-0: Ball
2-0: Swinging Strike
2-1: Ball
3-1: Fielders Choice at 2nd, 1-6 (Groundball, 13S)
Batting: RHB Nelson Burton 0-0: Called Strike
Miguel Ramos steals 2nd base
0-1: Swinging Strike
0-2: Ball
1-2: Ball
2-2: Foul Ball, location: 2F
2-2: Ball
3-2: Base on Balls
Batting: LHB Ernesto Hernández 0-0: Called Strike
0-1: Foul Ball, location: 2F
0-2: Ball
1-2: Foul Ball, location: 2F
1-2: Ground out 1-3 (Groundball, P)
Top of the 5th over - 0 run(s), 1 hit(s), 0 error(s), 2 left on base; San Francisco 3 - Elkins 2
BOTTOM OF THE 5TH
Elkins Sting Rays batting - Pitching for San Francisco Macho Men : RHP Roger Oliver
Batting: SHB Rodolphe Dettori 0-0: Ground out 4-3 (Groundball, 4M)
Batting: RHB Armando Blanco 0-0: Called Strike
0-1: Ball
1-1: SINGLE (Groundball, 56D)
Batting: SHB Carlos González 0-0: Ball
1-0: Fielders Choice at 2nd, 4-6 (Groundball, 4)
Batting: RHB Pedro Betancourt 0-0: Called Strike
Carlos González steals 2nd base
0-1: Swinging Strike
0-2: Ball
1-2: Ball
2-2: Ball
3-2: Strikes out looking
Bottom of the 5th over - 0 run(s), 1 hit(s), 0 error(s), 1 left on base; San Francisco 3 - Elkins 2
TOP OF THE 6TH
San Francisco Macho Men batting - Pitching for Elkins Sting Rays : LHP Mario Lugo
Batting: RHB Awragh Hazem 0-0: Ball
1-0: Ball
2-0: Ball
3-0: Called Strike
3-1: Swinging Strike
3-2: Foul Ball, location: 2F
3-2: SINGLE (Groundball, 3D)
Batting: LHB Ángel De Jesús 0-0: Called Strike
0-1: Swinging Strike
0-2: Ball
1-2: Foul Ball, location: 2F
1-2: Fly out, F8 (Flyball, 8LS)
Batting: RHB Dave MacGruder 0-0: Ball
Awragh Hazem steals 2nd base
1-0: Called Strike
1-1: Ground out 6-3 (Groundball, 56)
Batting: RHB Bob Jones 0-0: Foul Ball, location: 2F
0-1: Foul Ball, location: 2F
0-2: Strikes out looking
Top of the 6th over - 0 run(s), 1 hit(s), 0 error(s), 1 left on base; San Francisco 3 - Elkins 2
BOTTOM OF THE 6TH
Elkins Sting Rays batting - Pitching for San Francisco Macho Men : RHP Roger Oliver
Batting: RHB Ryan Nelson 0-0: Called Strike
0-1: Foul Ball, location: 2F
0-2: Ball
1-2: Fly out, F9 (Flyball, 9LMF)
Batting: RHB Bill Andrews 0-0: Ball
1-0: Ball
2-0: Called Strike
2-1: Ball
3-1: Fly out, F9 (Flyball, 9S)
Batting: LHB Ángel Flores 0-0: Called Strike
0-1: Ball
1-1: Ball
2-1: Swinging Strike
2-2: Foul Ball, location: 2F
2-2: Fly out, F3 (Popup, 3L)
Bottom of the 6th over - 0 run(s), 0 hit(s), 0 error(s), 0 left on base; San Francisco 3 - Elkins 2
TOP OF THE 7TH
San Francisco Macho Men batting - Pitching for Elkins Sting Rays : LHP Mario Lugo
Batting: RHB Lawrence Pérez 0-0: Called Strike
0-1: Ball
1-1: Ball
2-1: Swinging Strike
2-2: SINGLE (Groundball, 56) (infield hit)
Batting: RHB Júlio Serra 0-0: Bunted foul
0-1: Sac Bunt - play at first, batter OUT! 1-4
Lawrence Pérez to second
Batting: RHB Miguel Ramos 0-0: Foul Ball, location: 2F
0-1: Fly out, F4 (Line Drive, 4)
Batting: RHB Nelson Burton 0-0: Ground out 5-3 (Groundball, 56)
Top of the 7th over - 0 run(s), 1 hit(s), 0 error(s), 1 left on base; San Francisco 3 - Elkins 2
BOTTOM OF THE 7TH
Elkins Sting Rays batting - Pitching for San Francisco Macho Men : RHP Roger Oliver
Pitching: RHP Carlos Martínez
Batting: SHB Ron Winston 0-0: Ball
1-0: Foul Ball, location: 2F
1-1: Foul Ball, location: 2F
1-2: Ball
2-2: Ball
3-2: Fly out, F8 (Flyball, 8LM)
Batting: LHB Carlos Músquez 0-0: Swinging Strike
0-1: Ball
1-1: Called Strike
1-2: Reached on error, E4 (Groundball, 4M)
Batting: SHB Rodolphe Dettori 0-0: Ball
1-0: Ball
2-0: Ball
3-0: Called Strike
3-1: Called Strike
3-2: Fly out, F8 (Flyball, 8LM)
Pinch Hitting: LHB Freddy Torres 0-0: Called Strike
0-1: Foul Ball, location: 2F
0-2: Fly out, F8 (Flyball, 8LM)
Bottom of the 7th over - 0 run(s), 0 hit(s), 1 error(s), 1 left on base; San Francisco 3 - Elkins 2
TOP OF THE 8TH
San Francisco Macho Men batting - Pitching for Elkins Sting Rays : LHP Mario Lugo
Now at 3B: Freddy Torres
Batting: LHB Ernesto Hernández 0-0: Called Strike
0-1: SINGLE (Line Drive, 6M)
Batting: RHB Awragh Hazem 0-0: Ball
1-0: Fly out, F5 (Popup, 5S)
Pitching: LHP Peter Turner
Batting: LHB Ángel De Jesús 0-0: Foul Ball, location: 2F
0-1: Foul Ball, location: 2F
0-2: Strikes out looking
Pinch Hitting: RHB Rob Johnston 0-0: Called Strike
0-1: Called Strike
0-2: Strikes out looking
Top of the 8th over - 0 run(s), 1 hit(s), 0 error(s), 1 left on base; San Francisco 3 - Elkins 2
BOTTOM OF THE 8TH
Elkins Sting Rays batting - Pitching for San Francisco Macho Men : RHP Carlos Martínez
Pitching: LHP Mike Barr
Now at SS: Rob Johnston
Batting: SHB Carlos González 0-0: Ground out 1-3 (Groundball, 13)
Pitching: RHP Ryuichi Ohayashi
Batting: RHB Pedro Betancourt 0-0: Called Strike
0-1: Ball
1-1: Ball
2-1: Foul Ball, location: 2F
2-2: Ball
3-2: Strikes out looking
Batting: RHB Ryan Nelson 0-0: Ball
1-0: Called Strike
1-1: Ground out 4-3 (Groundball, 4S)
Bottom of the 8th over - 0 run(s), 0 hit(s), 0 error(s), 0 left on base; San Francisco 3 - Elkins 2
TOP OF THE 9TH
San Francisco Macho Men batting - Pitching for Elkins Sting Rays : LHP Peter Turner
Batting: RHB Bob Jones 0-0: Ball
1-0: Ball
2-0: Foul Ball, location: 2F
2-1: Ball
3-1: Foul Ball, location: 2F
3-2: Fly out, F9 (Flyball, 89M)
Batting: RHB Lawrence Pérez 0-0: Ball
1-0: SOLO HOME RUN (Flyball, 7D), Distance : 381 ft
Batting: RHB Júlio Serra 0-0: Called Strike
0-1: Foul Ball, location: 2F
0-2: Ball
1-2: Fly out, F4 (Popup, 34D)
Batting: RHB Miguel Ramos 0-0: Ball
1-0: Ball
2-0: Called Strike
2-1: Ground out 5-3 (Groundball, 56)
Top of the 9th over - 1 run(s), 1 hit(s), 0 error(s), 0 left on base; San Francisco 4 - Elkins 2
BOTTOM OF THE 9TH
Elkins Sting Rays batting - Pitching for San Francisco Macho Men : RHP Ryuichi Ohayashi
Pitching: RHP Víctor Bańuelos
Now at 3B: Armando Alomar
Batting: RHB Bill Andrews 0-0: Ball
1-0: Ball
2-0: Foul Ball, location: 2F
2-1: Swinging Strike
2-2: Ball
3-2: Base on Balls
Batting: LHB Ángel Flores 0-0: Called Strike
0-1: Foul Ball, location: 2F
0-2: Strikes out looking
Batting: SHB Ron Winston 0-0: Ball
1-0: Called Strike
1-1: Foul Ball, location: 2F
1-2: Fly out, F7 (Flyball, 7LDF)
Batting: LHB Carlos Músquez 0-0: Fly out, F9 (Flyball, 9S)
Bottom of the 9th over - 0 run(s), 0 hit(s), 0 error(s), 1 left on base; San Francisco 4 - Elkins 2
Tuesday, August 8th, 2017 - OOTP Baseball 17.12 Build 75